 Dungeon Crawl Stone Soup version 0.25-a0-583-g696c2ac (webtiles) character file.

Game seed: 10314249317887884752, levelgen mode: deterministic

25217 BlueFish the Fencer (level 12, -1/112 HPs)
             Began as a Minotaur Fighter on Mar 9, 2020.
             Was a High Priest of Yredelemnul.
             Slain by a seven-headed hydra (6 damage)
             ... on level 3 of the Lair of Beasts.
             The game lasted 00:30:50 (13564 turns).

BlueFish the Fencer (Minotaur Fighter)             Turns: 13564, Time: 00:30:51

Health: -1/112     AC: 22    Str: 20    XL:     12   Next: 87%
Magic:  5/17       EV:  8    Int:  5    God:    Yredelemnul [*****.]
Gold:   757        SH:  0    Dex: 19    Spells: 11/11 levels left

rFire    . . .     SeeInvis .   b - +0 dagger (flame)
rCold    . . .     Gourm    .   (no shield)
rNeg     . . .     Faith    .   e - +0 plate armour
rPois    .         Spirit   .   h - +2 hat
rElec    .         Reflect  .   s - +0 cloak
rCorr    .         Harm     .   (no gloves)
MR       .....                  o - +1 pair of boots
Stlth    ..........             y - amulet of the acrobat
HPRegen  0.28/turn              p - +3 ring of dexterity
MPRegen  0.15/turn              u - ring of flight

@: no status effects
A: retaliatory headbutt, horns 2
a: Recall Undead Slaves, Injury Mirror, Animate Dead, Drain Life, Enslave Soul,
Renounce Religion, Evoke Flight


You were on level 3 of the Lair of Beasts.
You worshipped Yredelemnul.
Yredelemnul was extremely pleased with you.
You were near starving.

You visited 3 branches of the dungeon, and saw 15 of its levels.

You collected 807 gold pieces.
You spent 50 gold pieces at shops.

Inventory:

Hand Weapons
 a - a +4 scimitar of electrocution
 b - a +0 dagger of flaming (weapon)
 r - a +1 long sword of freezing
 F - a +1 short sword of draining
 I - a +0 falchion of freezing
Armour
 c - a +0 kite shield
 e - a +0 plate armour (worn)
 h - a +2 hat (worn)
 o - a +1 pair of boots (worn)
 s - a +0 cloak (worn)
Jewellery
 g - an uncursed ring of stealth
 p - a +3 ring of dexterity (left hand)
 u - a ring of flight (right hand)
 y - an amulet of the acrobat (around neck)
Wands
 w - a wand of iceblast (31)
 A - a wand of clouds (9)
 B - a wand of random effects (22)
 H - a wand of paralysis (16)
 K - a wand of acid (19)
 L - a wand of flame (14)
Scrolls
 i - 4 scrolls of amnesia
 j - 5 scrolls of teleportation
 k - 6 scrolls of remove curse
 m - a scroll of torment
 G - 2 scrolls of enchant weapon
Potions
 d - a potion of might
 l - 3 potions of haste
 n - a potion of magic
 q - 5 potions of curing
 t - 4 potions of cancellation
 v - a potion of brilliance
 z - a potion of resistance
 C - 4 potions of mutation
 D - 2 potions of heal wounds
 E - a potion of flight {unknown}
Comestibles
 f - 36 rations
 x - 2 chunks of flesh


   Skills:
 * Level 12.1 Fighting
 * Level 15.1 Long Blades
 * Level 13.5 Armour
 + Level 1.3 Dodging
 + Level 3.6 Shields
 * Level 9.2 Invocations


You had 11 spell levels left.
You didn't know any spells.
Your spell library contained the following spells:

 Spells                   Type           Power        Failure   Level  Hunger
 Corona                   Hex            #......      100%        1    ##.....
 Sandblast                Erth           #.....       100%        1    ##.....
 Summon Small Mammal      Summ           #...         100%        1    ##.....
 Call Imp                 Summ           #.......     100%        2    ###....
 Passwall                 Tmut/Erth      #.......     100%        2    ###....
 Slow                     Hex            #.......     100%        2    ###....
 Call Canine Familiar     Summ           #.......     100%        3    ####...
 Confusing Touch          Hex            #.......     100%        3    ####...
 Gell's Gravitas          Tloc           #.........   100%        3    ####...
 Inner Flame              Hex/Fire       #.......     100%        3    ####...
 Portal Projectile        Hex/Tloc       #.....       100%        3    ####...
 Stone Arrow              Conj/Erth      #.....       100%        3    ####...
 Summon Guardian Golem    Hex/Summ       #.......     100%        3    ####...
 Cause Fear               Hex            #.........   100%        4    #####..
 Leda's Liquefaction      Hex/Erth       #.........   100%        4    #####..
 Petrify                  Tmut/Erth      #.......     100%        4    #####..
 Summon Ice Beast         Ice/Summ       #.......     100%        4    #####..
 Summon Lightning Spire   Summ/Air       #.......     100%        4    #####..
 Bolt of Magma            Conj/Fire/Erth #.........   100%        5    ######.
 Iskenderun's Battlesphe  Conj/Chrm      #.......     100%        5    ######.
 Lee's Rapid Deconstruct  Erth           #.........   100%        5    ######.
 Metabolic Englaciation   Hex/Ice        #.........   100%        5    ######.
 Yara's Violent Unravell  Hex/Tmut       #.........   100%        5    ######.
 Iron Shot                Conj/Erth      #.........   100%        6    #######
 Orb of Destruction       Conj           #.........   100%        7    #######
 Spellforged Servitor     Conj/Summ      #.........   100%        7    #######


Dungeon Overview and Level Annotations

Branches:
Dungeon (11/15)            Temple (1/1) D:6            Lair (3/6) D:10
 Shoals (0/4) Lair:2        Snake (0/4) Lair:3          Orc (0/2) D:11

Altars:
Ashenzari
Cheibriados
Dithmenos
Elyvilon
Fedhas
Gozag
Hepliaklqana
Kikubaaqudgha
Makhleb
Nemelex Xobeh
Okawaru
Qazlal
Ru
Trog
Uskayaw
Vehumet
Wu Jian
Xom
Yredelemnul
Zin
The Shining One

Shops:
D:4 %   D:6 !

Annotations:
D:3 Terence
Lair:3 exclusion: 2 oklob plants


Innate Abilities, Weirdness & Mutations

You reflexively headbutt those who attack you in melee.
You have a pair of horns on your head.


Message History

* * * LOW HITPOINT WARNING * * *
You barely miss the seven-headed hydra.
You headbutt the seven-headed hydra, but do no damage.
The seven-headed hydra is almost dead.
You draw life from your surroundings.
The seven-headed hydra is drained of life.
The seven-headed hydra is almost dead.
You feel life flooding into your body.
You are near starving!
The seven-headed hydra bites you.
* * * LOW HITPOINT WARNING * * *
The seven-headed hydra bites you.
* * * LOW HITPOINT WARNING * * *
The seven-headed hydra bites you but does no damage.
The seven-headed hydra barely misses you.
The seven-headed hydra bites you.
* * * LOW HITPOINT WARNING * * *
The seven-headed hydra bites you.
You die...
Your body rises from the dead as a mindless zombie.

#....# #...# ##...#
#...##...#
.#P...###...##...#
.......##.. .....
####...###'# ##...# ##
###...###.###.....
###.P##.#.....#..##....P
.......................#
.......@D...............
#...##.)######.####P####
# #### ### ### #


You could see a seven-headed hydra.

Vanquished Creatures
  2 hydras (Lair:2)
  Harold (D:7)
  A two-headed ogre (D:10)
  An unseen horror (D:11)
  A cyclops (D:11)
  2 ugly things
  A merfolk siren (Lair:2)
  2 elephants (Lair:2)
  Psyche (D:9)
  Joseph (D:9)
  2 black mambas
  A gargoyle (D:11)
  3 spiny frogs
  Prince Ribbit (D:9)
  A hornet (shapeshifter) (D:8)
  A queen bee (D:10)
  A hornet (D:11)
  2 polar bears
  5 blink frogs
  A hippogriff (D:11)
  A spriggan (Lair:3)
  2 shadows (D:11)
  A wyvern (D:8)
  21 yaks
  A hungry ghost (D:10)
  A steam dragon (D:11)
  Menkaure (D:6)
  An acid dragon (D:11)
  4 water moccasins
  2 porcupines
  A black bear (D:10)
  An orc warrior (D:7)
  An eye of draining (D:11)
  2 ice beasts
  4 sky beasts
  2 ogres
  5 phantoms
  A necrophage (D:11)
  3 wolves (Lair:3)
  3 centaurs
  5 crocodiles
  10 bullfrogs
  A big kobold (D:11)
  A water moccasin zombie (D:8)
  18 killer bees
  4 scorpions
  8 howler monkeys
  11 wights
  An electric eel (Lair:1)
  5 bullfrog zombies
  6 crimson imps
  2 centaur zombies
  8 hounds
  6 orc priests
  A jelly (D:7)
  A quasit (D:8)
  An iguana (D:11)
  A bullfrog skeleton (D:8)
  8 orc wizards
  4 worker ants
  A hound zombie (D:6)
  A mummy (Lair:3)
  12 adders
  7 gnolls
  2 howler monkey skeletons (D:8)
  A shadow imp (D:6)
  An adder skeleton (D:7)
  An adder zombie (D:2)
  3 worms
  7 leopard geckos
  38 orcs
  9 bats
  5 giant cockroaches
  14 goblins
  12 hobgoblins
  16 jackals
  7 quokkas
  A ball python skeleton (D:5)
  5 frilled lizards
  A giant cockroach zombie (D:6)
  A jackal zombie (D:5)
  8 kobolds
  7 rats
  A spectral orc (D:3)
352 creatures vanquished.

Vanquished Creatures (collateral kills)
  Snorg (D:10)
  A hydra (Lair:3)
  The ghost of wotkd0121004 the Digger, a novice OpEE of Ashenzari (D:9)
  2 elephants (Lair:2)
  A spiny frog (Lair:1)
  A komodo dragon (Lair:1)
  A troll (D:10)
  A hornet (D:11)
  A blink frog (Lair:2)
  A hippogriff (D:9)
  A wyvern (D:8)
  An acid dragon (D:10)
  A water moccasin (Lair:1)
  2 porcupines (D:10)
  A black bear (Lair:3)
  2 ice beasts
  A phantom (D:8)
  An ogre (D:9)
  A centaur (D:10)
  A big kobold (D:8)
  A bullfrog (D:11)
  A wight (D:9)
  14 killer bees (D:10)
  3 electric eels
  A hound (D:8)
  An orc wizard (D:11)
  An orc priest (D:6)
  A bullfrog skeleton (D:10)
  A hound skeleton (D:10)
  An orc (D:11)
  A quokka (D:8)
  21 fungi
  21 plants
91 creatures vanquished.

Vanquished Creatures (others)
  3 flying skulls
  2 wraiths
  A vampire (Lair:3)
  2 yak zombies (D:10)
  A yak skeleton (D:10)
  A bullfrog zombie (D:10)
  A bullfrog skeleton (Lair:3)
  A worker ant (D:10)
  A porcupine skeleton (D:10)
  6 killer bee zombies
  A crocodile zombie (D:10)
  A mummy (D:10)
  A worker ant zombie (D:9)
  An electric eel skeleton (Lair:1)
  A jackal skeleton (D:8)
  A jackal zombie (D:8)
  An orc skeleton (D:8)
  An orc zombie (D:8)
  2 quokka skeletons
  23 fungi (D:10)
  11 plants (D:10)
63 creatures vanquished.

Grand Total: 506 creatures vanquished

Notes
Turn   | Place    | Note
-------+----------+-------------------------------------------
     0 | D:1      | BlueFish the Minotaur Fighter began the quest for the Orb.
     0 | D:1      | Reached XP level 1. HP: 19/19 MP: 0/0
   147 | D:1      | Reached XP level 2. HP: 18/27 MP: 1/1
  1167 | D:2      | Reached XP level 3. HP: 33/33 MP: 2/2
  1170 | D:2      | Reached skill level 3 in Long Blades
  1289 | D:2      | Found an ornate altar of the Wu Jian Council.
  1398 | D:2      | Found a burning altar of Makhleb.
  1411 | D:2      | Reached XP level 4. HP: 27/41 MP: 3/3
  1549 | D:2      | Found a white marble altar of Elyvilon.
  1566 | D:2      | Reached skill level 4 in Long Blades
  1844 | D:2      | Reached skill level 5 in Armour
  1897 | D:2      | Reached XP level 5. HP: 42/47 MP: 4/4
  2303 | D:3      | Noticed Terence
  2409 | D:3      | Found a glowing golden altar of the Shining One.
  2504 | D:3      | Found a basalt altar of Yredelemnul.
  2510 | D:3      | Became a worshipper of Yredelemnul the Dark
  2785 | D:3      | Reached skill level 5 in Long Blades
  2834 | D:3      | Reached * piety under Yredelemnul
  2955 | D:4      | Found a hazy altar of Hepliaklqana.
  3065 | D:4      | Reached XP level 6. HP: 17/55 MP: 5/5
  3073 | D:4      | Reached skill level 5 in Fighting
  3073 | D:4      | Reached skill level 1 in Invocations
  3267 | D:4      | Found Vuapepla's Food Shop.
  4051 | D:5      | Entered Level 5 of the Dungeon
  4193 | D:5      | Noticed a sky beast
  4205 | D:5      | Killed a sky beast
  4205 | D:5      | Reached skill level 6 in Long Blades
  4270 | D:5      | Reached XP level 7. HP: 54/61 MP: 7/7
  4434 | D:5      | Reached skill level 7 in Long Blades
  4806 | D:6      | Reached skill level 8 in Long Blades
  4840 | D:6      | Reached XP level 8. HP: 52/70 MP: 8/8
  4849 | D:6      | Noticed Menkaure
  4855 | D:6      | Killed Menkaure
  4855 | D:6      | Reached ** piety under Yredelemnul
  5241 | D:6      | Reached skill level 9 in Long Blades
  5348 | D:6      | Found a staircase to the Ecumenical Temple.
  5366 | Temple   | Entered the Ecumenical Temple
  5649 | D:6      | Found Itochuble's Distillery.
  5777 | D:6      | Bought a potion of heal wounds for 50 gold pieces
  5962 | D:7      | Noticed Harold
  5995 | D:7      | Killed Harold
  5995 | D:7      | Reached skill level 10 in Long Blades
  5995 | D:7      | Reached XP level 9. HP: 12/79 MP: 10/10
  6011 | D:7      | HP: 5/118 [acid (1)]
  6436 | D:7      | Reached *** piety under Yredelemnul
  6439 | D:7      | Reached skill level 11 in Long Blades
  6456 | D:7      | Reached skill level 1 in Dodging
  7144 | D:7      | Found a glowing silver altar of Zin.
  7404 | D:8      | Found a shimmering altar of Xom.
  7411 | D:8      | Received a gift from Yredelemnul (a mummy)
  7444 | D:8      | Reached skill level 12 in Long Blades
  7445 | D:8      | Reached XP level 10. HP: 88/88 MP: 10/12
  7700 | D:8      | Noticed an orb spider
  7701 | D:8      | an orb spider changed into a hornet
  7721 | D:8      | Reached skill level 5 in Invocations
  7890 | D:8      | Reached **** piety under Yredelemnul
  8332 | D:9      | Noticed Psyche
  8338 | D:9      | Killed Psyche
  8452 | D:9      | Found a hide-covered altar of Uskayaw.
  8507 | D:9      | Noticed Prince Ribbit
  8514 | D:9      | Killed Prince Ribbit
  8514 | D:9      | Received a gift from Yredelemnul (3 flying skulls)
  8554 | D:9      | Reached skill level 13 in Long Blades
  8587 | D:9      | Noticed Joseph
  8596 | D:9      | Killed Joseph
  8625 | D:9      | Found a runed translucent door.
  8625 | D:9      | Noticed wotkd0121004's ghost (novice OpEE)
  8638 | D:9      | Killed wotkd0121004's ghost
  8910 | D:10     | Entered Level 10 of the Dungeon
  8921 | D:10     | Noticed Snorg
  8933 | D:10     | Killed Snorg
  8933 | D:10     | Reached skill level 10 in Armour
  8933 | D:10     | Reached XP level 11. HP: 19/97 MP: 14/14
  9329 | D:10     | Received a gift from Yredelemnul (a wraith)
  9791 | D:10     | Found a staircase to the Lair.
  9802 | D:10     | Reached skill level 14 in Long Blades
 10172 | D:10     | Noticed a two-headed ogre
 10177 | D:10     | Killed a two-headed ogre
 10177 | D:10     | Reached skill level 10 in Fighting
 10187 | D:10     | Got a smoking scale mail
 10213 | D:10     | Identified the +0 scale mail of the Abyss {SInv} (You found
                  | it on level 10 of the Dungeon)
 10290 | D:10     | Noticed a green ugly thing
 10299 | D:10     | Killed a green ugly thing
 10393 | D:11     | Reached ***** piety under Yredelemnul
 10455 | D:11     | Noticed a red ugly thing
 10462 | D:11     | Killed a red ugly thing
 10478 | D:11     | Killed an unseen horror
 10680 | D:11     | Reached XP level 12. HP: 93/108 MP: 16/16
 10762 | D:11     | Received a gift from Yredelemnul (a mummy)
 11136 | D:11     | Found a staircase to the Orcish Mines.
 11368 | Lair:1   | Entered Level 1 of the Lair of Beasts
 11514 | Lair:1   | You fall into a shaft and drop 1 floor!
 11520 | Lair:2   | Received a gift from Yredelemnul (a vampire)
 11638 | Lair:2   | Noticed a seven-headed hydra
 11649 | Lair:2   | Killed an eight-headed hydra
 11915 | Lair:1   | Received a gift from Yredelemnul (a wraith)
 12939 | Lair:2   | Noticed a six-headed hydra
 12949 | Lair:2   | Killed a six-headed hydra
 12949 | Lair:2   | Reached skill level 15 in Long Blades
 13085 | Lair:2   | Found a staircase to the Shoals.
 13393 | Lair:3   | Noticed a five-headed hydra
 13399 | Lair:3   | Killed a seven-headed hydra
 13424 | Lair:3   | Found a staircase to the Snake Pit.
 13533 | Lair:3   | Noticed a seven-headed hydra
 13564 | Lair:3   | HP: 5/112 [seven-headed hydra (6)]
 13564 | Lair:3   | Slain by a seven-headed hydra

Levels and vault maps discovered:
D:1:      co_arrival_random_square_maze, layout_basic
D:2:      layout_loops_ring, old_standard_altar, lemuel_crystal_altar,
          nicolae_overflow_hidden_temple, roderic_roman_lattice,
          makhleb_blood_cavern_becter
D:3:      layout_rooms, nicolae_overflow_crystal_walls,
          yredelemnul_forgotten_temple_becter, first_ration, uniq_terence
D:4:      layout_basic, old_standard_altar, serial_shops, kennysheep_mini
D:5:      layout_basic
D:6:      minmay_clustersquares, layout_loops_ring,
          minmay_temple_entry_gardened_gates, serial_shops,
          nicolae_shop_waterfront, uniq_menkaure
D:7:      layout_loops_cross, zin_treasury, grunt_ogre_cave,
          serial_bayou_ford_a, grunt_potential, uniq_harold
D:8:      layout_loops_ring, xom_teletrap_fun, minmay_fractal_squares_diagonal_5
D:9:      layout_loops_ring, eat_drink_and_be_merry_uskayaw,
          gammafunk_ghost_grave, uniq_psyche, uniq_joseph, uniq_prince_ribbit1
D:10:     layout_basic, due_lair_maze_entry_diamond, special_room
          [special_room_bee], uniq_snorg
D:11:     layout_roguey, orc_0_dummy
Temple:   nicolae_temple_god_jail
Lair:1:   layout_regular_city, nicolae_quartered_pool_super,
          infiniplex_staircase_pool_2, serial_bayou_shore_b,
          serial_bayou_shore_b
Lair:2:   layout_chaotic_city, minmay_shoals_entry_lonely_mermaid
Lair:3:   dpeg_oklob_gauntlet, layout_regular_city, dummy_snake_entry,
          gauntlet_entry_generic, minmay_holes, cheibrodos_lair_caveside_slide,
          grunt_forest_stairs_clearing

Skill      XL: |  1  2  3  4  5  6  7  8  9 10 11 12 |
---------------+-------------------------------------+-----
Fighting       | 4 5 7 8 9 10 12 | 12.1
Armour         | 4 5 6 8 10 11 13 | 13.5
Long Blades    | 3 4 5 6 8 10 12 13 14 15 | 15.1
Invocations    | 1 2 3 4 6 7 9 |  9.2
Dodging        | 1 |  1.3
Shields        | |  3.6

Action                   |  1- 3 |  4- 6 |  7- 9 | 10-12 || total
-------------------------+-------+-------+-------+-------++-------
Melee: Long sword        |   107 |   234 |   257 |       ||   598
       Headbutt          |    13 |    42 |    67 |   128 ||   250
       Scimitar          |       |       |    54 |   415 ||   469
       Dagger            |       |       |       |    28 ||    28
Invok: Animate Remains   |       |       |     7 |       ||     7
       Recall Undead Sla |       |       |     1 |     8 ||     9
       Animate Dead      |       |       |     2 |    46 ||    48
       Drain Life        |       |       |       |     2 ||     2
  Use: Scroll            |     3 |     4 |     7 |     9 ||    23
       Potion            |       |     2 |     5 |     1 ||     8
 Stab: Distracted        |       |       |     3 |     5 ||     8
       Confused          |       |       |       |     1 ||     1
  Eat: Chunk             |     2 |     6 |    13 |    34 ||    55
       Ration            |       |     1 |       |     1 ||     2
Armor: Scale mail        |    15 |       |       |       ||    15
       Plate armour      |    79 |   175 |   203 |   279 ||   736
       Skin              |       |       |    26 |       ||    26
Dodge: Dodged            |    47 |    70 |   100 |   233 ||   450
       Rpst.: Long sword |    15 |    21 |    23 |       ||    59
       Scimitar          |       |       |     3 |    55 ||    58

Table legend:
 A = Non-vault XP
 B = Vault XP
 C = Vault XP percentage of total XP
 D = Non-vault monster count
 E = Vault monster count
 F = Vault count percentage of total count
                 A         B        C        D         E       F
            +---------+---------+-------+---------+---------+-------
      Total |   27235 |    8790 |  24.4 |     327 |      73 |  18.2
            +---------+---------+-------+---------+---------+-------
        D:1 |      32 |       0 |   0.0 |      18 |       0 |   0.0
        D:2 |     136 |      46 |  25.3 |      39 |       1 |   2.5
        D:3 |     106 |       1 |   0.9 |      30 |       1 |   3.2
        D:4 |     116 |       0 |   0.0 |       8 |       0 |   0.0
        D:5 |     694 |       0 |   0.0 |      23 |       0 |   0.0
        D:6 |    1009 |     305 |  23.2 |      22 |       4 |  15.4
        D:7 |    1303 |    1473 |  53.1 |      31 |      15 |  32.6
        D:8 |    1379 |     537 |  28.0 |      29 |       5 |  14.7
        D:9 |    1097 |    1932 |  63.8 |      15 |       4 |  21.1
       D:10 |    3463 |    3211 |  48.1 |      19 |      36 |  65.5
       D:11 |    7336 |       0 |   0.0 |      56 |       0 |   0.0
     Lair:1 |    2371 |       0 |   0.0 |      12 |       0 |   0.0
     Lair:2 |    6847 |     506 |   6.9 |      22 |       1 |   4.3
     Lair:3 |    1346 |     779 |  36.7 |       3 |       6 |  66.7
            +---------+---------+-------+---------+---------+-------
